 Dungeon Crawl Stone Soup version 0.22-a0-268-g1cc83ef (webtiles) character file.

64 CanOfBees the Skirmisher (level 4, -2/39 (40) HPs)
             Began as a Ghoul Monk on Mar 9, 2018.
             Killed from afar by an orc wizard (4 damage)
             ... with a magic dart
             ... on level 1 of the Dungeon.
             The game lasted 00:02:15 (783 turns).

CanOfBees the Skirmisher (Ghoul Monk)                Turns: 783, Time: 00:02:15

HP:   -2/39 (40)    AC:  5    Str: 15    XL:     4   Next: 12%
MP:   3/3           EV: 11    Int:  5    God:
Gold: 77            SH:  0    Dex: 11    Spells: 3/3 levels left

rFire    . . .     SeeInvis .     - Unarmed
rCold    + . .     Gourm    .   (no shield)
rNeg     + + +     Faith    .   e - +0 ring mail
rPois    ∞         Spirit   .   (no helmet)
rElec    .         Reflect  .   (no cloak)
rCorr    .         Harm     .   (no gloves)
MR       .....                  (no boots)
Stlth    +.........             (no amulet)
HPRegen  0.00/turn              (no ring)
MPRegen  0.08/turn              (no ring)

@: rotting
A: rotting body, claws 1, carnivore, cold resistance 1, negative energy
resistance 3, inhibited regeneration, torment resistance, unbreathing
a: no special abilities


You were on level 1 of the Dungeon.
You were not hungry.

You visited 1 branch of the dungeon, and saw 2 of its levels.

You collected 77 gold pieces.

Inventory:

Armour
 e - a +0 ring mail (worn)
Scrolls
 a - a scroll of remove curse {unknown}
 c - a scroll of blinking {unknown}
 d - 2 scrolls of enchant weapon {unknown}
 h - a scroll of identify {unknown}
 i - a scroll of teleportation {unknown}
 l - 2 scrolls of amnesia {unknown}
Potions
 g - a potion of cancellation {unknown}
 j - a potion of brilliance {unknown}
 k - a potion of berserk rage {unknown}
 m - a potion of might {unknown}
Comestibles
 b - a ration
 f - 2 chunks of flesh


   Skills:
 + Level 4.3 Fighting
 - Level 3.0 Dodging
 - Level 2.1 Stealth
 + Level 4.3 Unarmed Combat


You had 3 spell levels left.
You didn't know any spells.

Dungeon Overview and Level Annotations

Branches:
Dungeon (2/15)

Altars:


Innate Abilities, Weirdness & Mutations

Your body is rotting away.
You thrive on raw meat.
You are immune to poison.
You have sharp fingernails.
You are carnivorous and can eat meat at any time.
Your flesh is cold resistant. (rC+)
You are immune to negative energy. (rN+++)
You do not regenerate when monsters are visible.
You are immune to unholy pain and torment.
You can survive without breathing.


Message History

You scratch the orc wizard but do no damage.
The orc wizard is moderately wounded.
The orc wizard mumbles some strange words.
The orc wizard seems to speed up.
The orc closely misses you.
Unknown command.
You barely miss the orc wizard.
The orc wizard is moderately wounded.
The orc wizard hits you but does no damage.
The orc hits you with a flail.
* * * LOW HITPOINT WARNING * * *
The orc wizard hits you but does no damage.
You scratch the orc wizard but do no damage.
The orc wizard is moderately wounded.
The orc wizard hits you but does no damage.
Unknown command.
You scratch the orc wizard.
The orc wizard is severely wounded.
The orc wizard points at you and mumbles some strange words.
The magic dart hits you!
You die...

#...#.# ## ##....#
.########....# #######
.............#####.....#
.###...................#
.# #...................#
.# #..[................#
.###...........oo......#
................@......###
.###########....[).......#
.# ###.....).......# ##
#...............#
###.##............#
###...#..#..#########
#...###..#..##
#....))..#...#
#...###.##...#


You could see an orc wizard and an orc.

Vanquished Creatures
  An orc wizard (D:1)
  An adder (D:2)
  A leopard gecko (D:1)
  An orc (D:1)
  3 goblins (D:1)
  3 hobgoblins (D:1)
  2 jackals (D:1)
  6 bats (D:1)
  A frilled lizard (D:1)
  5 kobolds (D:1)
  2 rats (D:1)
26 creatures vanquished.

Vanquished Creatures (others)
  An orc (D:1)
1 creature vanquished.

Grand Total: 27 creatures vanquished

Notes
Turn   | Place    | Note
-------+----------+-------------------------------------------
     0 | D:1      | CanOfBees the Ghoul Monk began the quest for the Orb.
     0 | D:1      | Reached XP level 1. HP: 19/19 MP: 0/0
   144 | D:1      | Reached XP level 2. HP: 24/26 MP: 1/1
   601 | D:1      | Reached XP level 3. HP: 31/33 MP: 2/2
   738 | D:1      | Reached XP level 4. HP: 14/39 MP: 3/3
   783 | D:1      | Killed from afar by an orc wizard

Vault maps used:
D:1:      matt_arrival_los_fun, feat_on_display
D:2:      wad_woods_tower, nemelex_xobeh_ov_fountains_minmay,
          minmay_overflow_temple_star_quad

Skill      XL: |  1  2  3 |
---------------+----------+-----
Dodging        | 3 |  3.0
Fighting       | 4 |  4.3
Unarmed Combat | 4 |  4.3
Stealth        | |  2.1

Action                   |  1- 3 |  4- 6 || total
-------------------------+-------+-------++-------
Melee: Unarmed           |    92 |    16 ||   108
 Stab: Sleeping          |     1 |       ||     1
  Eat: Chunk             |     9 |     5 ||    14
Armor: Robe              |     7 |       ||     7
       Ring mail         |    40 |     9 ||    49
Dodge: Dodged            |    65 |    14 ||    79

Table legend:
 A = Spawn XP
 B = Non-spawn XP
 C = Spawn XP percentage of total XP
 D = Spawn monster count
 E = Non-spawn monster count
 F = Spawn count percentage of total count
 G = Total turns spent on level
                    A         B        C        D         E        F      G
               +---------+---------+-------+---------+---------+-------+---------
         Total |       0 |      92 |   0.0 |       0 |      26 |   0.0 |   783
               +---------+---------+-------+---------+---------+-------+---------
           D:1 |       0 |      79 |   0.0 |       0 |      25 |   0.0 |   734
           D:2 |       0 |      13 |   0.0 |       0 |       1 |   0.0 |    49
               +---------+---------+-------+---------+---------+-------+---------
